 Dungeon Crawl Stone Soup version 0.27-a0-1186-g8b4daa1eef (webtiles) character file.

Game seed: 114254097858160176

1604 miscthings the Archer (level 8, -2/67 HPs)
             Began as a Naga Hunter on May 20, 2021.
             Was a Follower of Fedhas.
             Slain by a water moccasin (8 damage)
             ... on level 5 of the Dungeon.
             The game lasted 00:10:53 (4615 turns).

miscthings the Archer (Naga Hunter)                 Turns: 4615, Time: 00:10:54

Health: -2/67      AC:  6    Str: 16    XL:     8   Next: 94%
Magic:  8/8        EV:  8    Int: 12    God:    Fedhas [*.....]
Gold:   229        SH:  0    Dex: 12    Spells: 7/7 levels left

rFire    . . .     SeeInvis +   a - +1 shortbow
rCold    . . .     Faith    .   (shield currently unavailable)
rNeg     + . .     Spirit   .   m - +0 ring mail
rPois    +         Reflect  .   g - +0 helmet
rElec    .         Harm     .   (no cloak)
rCorr    .         Rampage  .   (no gloves)
Will     +....                  (no barding)
Stlth    +.........             (no amulet)
HPRegen  1.21/turn              x - ring of positive energy
MPRegen  0.11/turn              (no ring)

@: very slow
A: AC +2, large, see invisible, deformed body, poison resistance, slowness 2,
spit poison 1, naga tail 1, claws 1, regeneration 1
a: Spit Poison, Renounce Religion


You were on level 5 of the Dungeon.
You worshipped Fedhas.
Fedhas was aware of your devotion.
You visited 2 branches of the dungeon, and saw 6 of its levels.

You collected 229 gold pieces.

Inventory:

Hand Weapons
 a - a +1 shortbow (weapon)
 c - a +2 dagger of draining
 w - a +0 whip of electrocution
Missiles
 d - 8 arrows (quivered ammo)
 n - 2 throwing nets
Armour
 g - a +0 helmet (worn)
 m - a +0 ring mail (worn)
Jewellery
 x - a ring of positive energy (left claw)
Wands
 s - a wand of flame (12)
Scrolls
 e - 3 scrolls of teleportation
 h - a scroll of amnesia {unknown}
 j - 2 scrolls of blinking {unknown}
 k - a scroll of torment {unknown}
 o - 3 scrolls of identify {unknown}
 u - a scroll of vulnerability {unknown}
 v - a scroll of acquirement {unknown}
Potions
 b - 2 potions of cancellation {unknown}
 f - a potion of attraction {unknown}
 i - a potion of resistance {unknown}
 l - a potion of magic {unknown}
 p - a potion of mutation
 q - a potion of heal wounds
 r - a potion of curing
 t - a potion of haste {unknown}


   Skills:
 - Level 2.0 Fighting
 + Level 10.6 Bows
 - Level 1.5 Dodging
 - Level 1.5 Stealth


You had 7 spell levels left.
You didn't know any spells.
Your spell library contained the following spells:

 Spells                   Type           Power      Damage    Failure   Level
 Sting                    Tmut/Pois      0%         1d3       54%         1
 Poisonous Vapours        Pois/Air       0%         N/A       67%         2
 Ignite Poison            Fire/Tmut/Pois 0%         N/A       88%         3
 Mephitic Cloud           Conj/Pois/Air  0%         N/A       88%         3
 Olgreb's Toxic Radiance  Pois           0%         N/A       99%         4


Dungeon Overview and Level Annotations

Branches:
Dungeon (5/15)             Temple (1/1) D:4

Altars:
Ashenzari
Dithmenos
Elyvilon
Fedhas
Gozag
Hepliaklqana
Makhleb
Okawaru
Qazlal
Ru
Sif Muna
Trog
Wu Jian
Zin


Innate Abilities, Weirdness & Mutations

Your serpentine skin is tough. (AC +2)
You have supernaturally acute eyesight. (SInv)
Armour fits poorly on your strangely shaped body.
Your system is resistant to poisons. (rPois)
You cover ground very slowly.
You can spit poison.
You have a snake-like lower body.
You have sharp fingernails.
Your natural rate of healing is unusually fast.


Message History

Pikel hits you with a +0 whip of freezing.
* * * LOW HITPOINT WARNING * * *
Pikel freezes you.
* * * LOW HITPOINT WARNING * * *
The lemure closely misses you.
Fire: 13 arrows
Press: ? - help, Q - select action, (/) - cycle Shift-Dir - straight line, f/p - Pikel
Aim: Pikel, wielding a +0 whip of freezing and wearing a +0 robe (almost dead, 58% to hit)
You shoot an arrow. The arrow hits Pikel!
You kill Pikel!
Fedhas appreciates your contribution to the ecosystem.
With Pikel's spell broken, his former minions thank you for their freedom.
The lemure departs this earthly plane. x3
Your Bows skill increases to level 10!
Fire: 12 arrows
Press: ? - help, Q - select action, (/) - cycle Shift-Dir - straight line, f - water moccasin
Aim: a water moccasin (50% to hit)
You shoot an arrow. The arrow hits the water moccasin.
The water moccasin is lightly wounded.
The water moccasin closely misses you.
Fire: 11 arrows
Press: ? - help, Q - select action, (/) - cycle Shift-Dir - straight line, f/p - water moccasin
Aim: a water moccasin (lightly wounded, 50% to hit)
You shoot an arrow.
The arrow closely misses the water moccasin.
The water moccasin bites you!
* * * LOW HITPOINT WARNING * * *
Fire: 10 arrows
Press: ? - help, Q - select action, (/) - cycle Shift-Dir - straight line, f/p - water moccasin
Aim: a water moccasin (lightly wounded, 50% to hit)
You shoot an arrow. The arrow hits the water moccasin.
The water moccasin is moderately wounded.
The water moccasin closely misses you.
Fire: 9 arrows
Press: ? - help, Q - select action, (/) - cycle Shift-Dir - straight line, f/p - water moccasin
Aim: a water moccasin (moderately wounded, 50% to hit)
You shoot an arrow. The arrow misses the water moccasin.
The water moccasin bites you!
You die...
Fedhas appreciates your contribution to the ecosystem.

##### ###§..#### ###§.....#.##
#####.@S§§§.(#..#
#.##..####......# ##....##
##....(# ### ####...#.#
#....### ###.###..#.<.#.##
#....(# #....#..........#
#......(. ...............##
##.........
.................##............
...............................


You could see a water moccasin.

Vanquished Creatures
  Pikel (D:5)
  Eustachio (D:5)
  A water moccasin (D:5)
  An ice beast (D:5)
  A necrophage (D:5)
  A black bear (D:5)
  An ogre (D:5)
  A lemure (D:5)
  A phantom (D:4)
  3 orc priests
  2 hounds
  A centaur skeleton (D:5)
  Ijyb (D:5)
  An iguana (D:5)
  2 orc wizards
  Robin (D:3)
  An adder (D:4)
  4 gnolls (D:3)
  2 ufetubi (D:5)
  An adder skeleton (D:4)
  3 dart slugs
  21 orcs
  6 ball pythons
  6 endoplasms
  4 giant cockroaches
  8 hobgoblins
  6 jackals
  4 kobolds
  5 quokkas
  6 bats
  3 frilled lizards
  15 goblins
  8 rats
123 creatures vanquished.

Notes
Turn   | Place    | Note
-------+----------+-------------------------------------------
     0 | D:1      | miscthings the Naga Hunter began the quest for the Orb.
     0 | D:1      | Reached XP level 1. HP: 19/19 MP: 1/1
   370 | D:1      | Reached skill level 4 in Bows
   370 | D:1      | Reached XP level 2. HP: 26/26 MP: 2/2
   879 | D:1      | Reached XP level 3. HP: 31/32 MP: 3/3
   938 | D:1      | You fall into a shaft and drop 1 floor!
  1420 | D:2      | Found a faded altar of an unknown god.
  1519 | D:2      | HP: 1/32 [quokka (3)]
  2065 | D:3      | Reached skill level 5 in Bows
  2103 | D:3      | Reached XP level 4. HP: 30/39 MP: 4/4
  2430 | D:3      | Reached XP level 5. HP: 30/45 MP: 5/5
  2699 | D:3      | Noticed Robin
  2718 | D:3      | Gained mutation: Your natural rate of healing is unusually
                  | fast. [potion of mutation]
  2718 | D:3      | Gained mutation: You have sharp fingernails. [potion of
                  | mutation]
  2732 | D:3      | Killed Robin
  2733 | D:3      | Reached skill level 6 in Bows
  3188 | D:4      | Found a staircase to the Ecumenical Temple.
  3209 | Temple   | Entered the Ecumenical Temple
  3357 | Temple   | Became a worshipper of Fedhas Madash
  3514 | D:4      | Reached XP level 6. HP: 47/52 MP: 6/6
  3722 | D:4      | Reached skill level 7 in Bows
  3731 | D:4      | Reached * piety under Fedhas
  3971 | D:5      | Entered Level 5 of the Dungeon
  4002 | D:5      | Noticed a necrophage
  4010 | D:5      | Killed a necrophage
  4011 | D:5      | Reached XP level 7. HP: 56/60 MP: 7/7
  4022 | D:5      | Noticed Ijyb
  4032 | D:5      | Killed Ijyb
  4044 | D:5      | HP: 2/60 [black bear (3)]
  4067 | D:5      | Reached skill level 8 in Bows
  4357 | D:5      | Reached skill level 9 in Bows
  4357 | D:5      | Reached XP level 8. HP: 29/67 MP: 8/8
  4390 | D:5      | Noticed Eustachio
  4419 | D:5      | Killed Eustachio
  4571 | D:5      | Noticed Pikel
  4603 | D:5      | HP: 1/67 [lemure[Pikel] (3)]
  4611 | D:5      | Killed Pikel
  4612 | D:5      | Reached skill level 10 in Bows
  4615 | D:5      | Slain by a water moccasin

Illustrated notes

Levels and vault maps discovered:
D:1:      psy_arrival_fountain, layout_basic, minivault_14, hex_large,
          minmay_tripent
D:2:      layout_rooms, hellmonk_ecumenical_altar_dog_temple,
          minmay_tree_intersection
D:3:      minmay_skewed_foursquare, layout_loops_corners,
          grunt_decor_one_mirror, uniq_robin
D:4:      layout_cave_pools, minmay_temple_entry_waves, serial_park,
          serial_park_square2, serial_park_tiny_1, serial_park_square1
          [serial_park_minivault_5x5_1], serial_park_gazebo
          [serial_park_minivault_5x5_1]
D:5:      layout_cave_pools, uniq_ijyb, uniq_pikel, uniq_eustachio
Temple:   dpeg_five_rooms_temple

Skill      XL: |  1  2  3  4  5  6  7  8 |
---------------+-------------------------+-----
Bows           | 4 5 6 7 9 10 | 10.6
Fighting       | |  2.0
Dodging        | |  1.5
Stealth        | |  1.5

Action                   |  1- 3 |  4- 6 |  7- 9 || total
-------------------------+-------+-------+-------++-------
Melee: Short sword       |    35 |       |       ||    35
       Dagger            |    66 |    47 |       ||   113
       Whip              |    17 |    87 |    83 ||   187
 Fire: Shortbow          |    44 |    77 |    93 ||   214
  Use: Potion            |       |     3 |     3 ||     6
       Scroll            |       |     2 |       ||     2
 Stab: Sleeping          |     1 |       |       ||     1
Armor: Leather armour    |    66 |     1 |       ||    67
       Ring mail         |       |    68 |   100 ||   168
Dodge: Dodged            |    79 |    94 |   101 ||   274

Table legend: (Time is in decaauts)
 A = Elapsed time spent in this place.
 B = Non-inter-level travel time spent in this place.
 C = Inter-level travel time spent in this place.
 D = Time resting spent in this place.
 E = Time spent auto-exploring this place.
 F = Levels seen in this place.
 G = Mean time per level.
                   A        B        C        D        E       F      G
               +--------+--------+--------+--------+--------+-----+--------+
         Total |   5860 |   5557 |    303 |    717 |   3600 |   6 |  976.7 |
       Dungeon |   5586 |   5395 |    191 |    717 |   3461 |   5 | 1117.2 |
        Temple |    274 |    163 |    111 |      0 |    138 |   1 |  274.0 |
               +--------+--------+--------+--------+--------+-----+--------+

Top non-repeatable levels by time:
     D:3: 1564 daAuts
     D:1: 1487 daAuts
     D:2: 947 daAuts
     D:4: 828 daAuts
     D:5: 759 daAuts
  Temple: 274 daAuts
